 Dungeon Crawl Stone Soup version 0.30-a0-629-gd54f4be4f7 (webtiles) character file.

Game seed: 7358457982041899415

5902 bmack86 the Cleaver (level 10, -26/88 HPs)
             Began as a Minotaur Fighter on Jan 13, 2023.
             Was a Priest of Okawaru.
             Killed from afar by a black draconian (35 damage)
             ... with a bolt of lightning
             ... on level 1 of the Abyss.
             The game lasted 00:20:44 (8557 turns).

bmack86 the Cleaver (Minotaur Fighter)              Turns: 8557, Time: 00:20:44

Health: -26/88     AC: 28    Str: 25    XL:     10   Next: 53%
Magic:  10/12      EV:  8    Int: 11    God:    Okawaru [***...]
Gold:   317        SH: 17    Dex: 10    Spells: 9/9 levels left

rFire   . . .      SeeInvis .    s - +1 broad axe
rCold   . . .      Faith    .    e - +0 kite shield
rNeg    . . .      Spirit   .    j - +0 plate armour
rPois   .          Reflect  +    (helmet restricted)
rElec   .          Harm     .    k - +2 cloak
rCorr   .          Rampage  .    x - +0 pair of gloves
Will    .....                    b - +0 pair of boots Stlth
                                 h - amulet of reflection
HPRegen 0.34/turn                u - +4 ring of protection
MPRegen 0.13/turn                d - +6 ring of intelligence

@: heroic, studying Armour
A: horns 2, retaliatory headbutt
a: Renounce Religion, Heroism


You were on level 1 of the Abyss.
You worshipped Okawaru.
Okawaru was most pleased with you.
You visited 2 branches of the dungeon, and saw 9 of its levels.
You visited the Abyss 1 time.

You collected 317 gold pieces.

Inventory:

Hand Weapons
 s - a +1 broad axe (weapon)
Missiles
 g - 25 poisoned darts (quivered)
 m - a throwing net
Armour
 b - a +0 pair of boots (worn)
 c - a +0 buckler
 e - a +0 kite shield (worn)
 j - a +0 plate armour (worn)
 k - a +2 cloak (worn)
 x - a +0 pair of gloves (worn)
Jewellery
 d - a +6 ring of intelligence (right hand)
 h - an amulet of reflection (around neck)
 u - a +4 ring of protection (left hand)
Wands
 l - a wand of light (12)
Scrolls
 q - 5 scrolls of teleportation
 A - a scroll of fear
Potions
 n - a potion of ambrosia {unknown}
 o - 2 potions of lignification
 p - 2 potions of degeneration {unknown}
 r - 3 potions of brilliance
 t - a potion of flight {unknown}
 v - a potion of invisibility {unknown}
 w - a potion of heal wounds {unknown}
 z - 2 potions of berserk rage {unknown}


   Skills:
 + Level 8.1(13.1) Fighting
 * Level 10.6(15.6) Axes
 + Level 7.0(12.0) Throwing
 + Level 10.4(15.4) Armour
 + Level 8.0(13.0) Shields
 + Level 4.4 Invocations


You had 9 spell levels left.
You didn't know any spells.
Your spell library was empty.

Dungeon Overview and Level Annotations

Branches:
Dungeon (8/15)             Temple (1/1) D:5            Lair (0/5) D:8

Altars:
Ashenzari
Dithmenos
Elyvilon
Fedhas
Gozag
Hepliaklqana
Kikubaaqudgha
Makhleb
Nemelex Xobeh
Okawaru
Qazlal
Ru
Sif Muna
Trog
Uskayaw
Vehumet
Wu Jian
Xom
Yredelemnul
Zin
The Shining One

Shops:
D:4 =[:(*   D:7 *

Annotations:
D:8 Maurice


Innate Abilities, Weirdness & Mutations

You have a pair of horns on your head.
You reflexively headbutt those who attack you in melee.


Message History

You miss something.
You hear some strange, mumbled words.
Something hits you but does no damage.
You blink.
A boomerang appears from out of thin air!
The boomerang hits you but does no damage.
You hear a zap.
A puff of flame appears from out of thin air!
The puff of flame reflects off an invisible shield around you!
The puff of flame hits something.
You hear a zap.
A puff of flame appears from out of thin air!
The puff of flame hits you but does no damage.
You hear a zap.
A puff of flame appears from out of thin air!
The puff of flame hits you but does no damage.
You block something's attack.
You miss something. You headbutt something!
You hear a zap.
A puff of flame appears from out of thin air!
The puff of flame hits you but does no damage.
The now-empty wand crumbles to dust.
You completely miss something. Something hits you.
Something steals your ring of protection from fire!
You are cast into the Abyss!
This branch contains the abyssal rune of Zot.
Reactivating autopickup.
Okay, then.
Found a corrupted altar of Lugonu.
A black draconian comes into view.
It is wielding a +2 short sword of holy wrath.
The black draconian breathes lightning at you.
The bolt of lightning hits you!!
You slash the black draconian!
The black draconian is lightly wounded.
The black draconian hits you but does no damage.
You gain the combat prowess of a mighty hero.
The black draconian breathes lightning at you.
The bolt of lightning hits you!!
* * * LOW HITPOINT WARNING * * *
The bolt of lightning hits you!!
You die...

#.# ...# #.#......
##~♣~≈ #.#......
.≈~#~~ #######.#....
~~..~~
#...#...##..##### ~~~
###...#...#......## ~~
#...._.#.#...##. ..~#
#@.............##
#...d#..##... ......~
#......#........##.##~
##....##....##..## # .
#.....##........ #. ~
#.....###...... ...
#...................~#
#............... #. #.
............ ....


You could see a black draconian (catching breath).

Vanquished Creatures
  A centaur warrior (D:8)
  Joseph (D:7)
  Maggie (D:7)
  The ghost of Zonian the Sneak, a novice VSBr (D:4)
  Grinder (D:6)
  Sigmund (D:3)
  A wyvern (D:7)
  3 yaks (D:8)
  Grum (D:8)
  A steam dragon (D:4)
  Menkaure (D:7)
  A water moccasin (D:8)
  An orc warrior (D:4)
  2 sky beasts
  3 ice beasts
  A black bear (D:6)
  3 ogres
  2 centaurs
  3 wolves (D:8)
  2 phantoms
  A kobold brigand (D:8)
  2 bullfrogs (D:6)
  A necrophage (D:5)
  A scorpion (D:4)
  4 wights (D:8)
  3 killer bees (D:7)
  2 gnoll boudas
  4 hounds
  7 orc priests
  An iguana (D:5)
  Crazy Yiuf (D:7)
  Terence (D:3)
  11 orc wizards
  11 gnolls
  8 adders
  2 white imps
  A worm (D:3)
  3 dart slugs
  34 orcs
  9 endoplasms
  4 giant cockroaches
  7 goblins
  8 hobgoblins
  15 kobolds
  2 quokkas
  11 ball pythons
  4 bats
  A frilled lizard (D:1)
  6 rats
196 creatures vanquished.

Notes
Turn   | Place    | Note
-------+----------+-------------------------------------------
     0 | D:1      | bmack86 the Minotaur Fighter began the quest for the Orb.
     0 | D:1      | Reached XP level 1. HP: 19/19 MP: 0/0
   167 | D:1      | Reached XP level 2. HP: 21/27 MP: 1/1
   194 | D:1      | Reached skill level 1 in Throwing
   470 | D:1      | Reached XP level 3. HP: 33/33 MP: 2/2
   923 | D:2      | Found an ornate altar of the Wu Jian Council.
  1105 | D:2      | Reached XP level 4. HP: 40/40 MP: 3/3
  1648 | D:3      | Noticed Sigmund
  1668 | D:3      | Killed Sigmund
  1669 | D:3      | Reached XP level 5. HP: 37/47 MP: 4/4
  1759 | D:3      | Found a hazy altar of Hepliaklqana.
  1765 | D:3      | Found a glowing golden altar of the Shining One.
  1765 | D:3      | Found a shimmering altar of Xom.
  1825 | D:3      | Reached XP level 6. HP: 53/53 MP: 5/5
  2070 | D:3      | Identified the +2 helmet of Saskas {Fly rPois}
  2079 | D:3      | Noticed Terence
  2088 | D:3      | Killed Terence
  2147 | D:3      | Found a sparkling altar of Nemelex Xobeh.
  2207 | D:4      | Identified a scroll of acquirement
  2207 | D:4      | Acquired a manual of Armour
  2216 | D:4      | Reached skill level 5 in Axes
  2255 | D:4      | Found Pieloh's General Store.
  2267 | D:4      | Reached skill level 5 in Armour
  2267 | D:4      | Reached XP level 7. HP: 43/60 MP: 6/6
  2350 | D:4      | Reached skill level 5 in Fighting
  2546 | D:4      | Found Iboir's Armour Emporium.
  2557 | D:4      | Reached skill level 5 in Shields
  2578 | D:4      | Found Pafydul's Weapon Shop.
  2892 | D:4      | Noticed a steam dragon
  2898 | D:4      | Found Weett's Book Emporium.
  2909 | D:4      | Killed a steam dragon
  3146 | D:4      | Found Unyoxian's Jewellery Boutique.
  3200 | D:4      | Found a runed translucent gate.
  3200 | D:4      | Identified the +8 short sword of an ice cave {heavy, rF+
                  | rC- Int+2 Stlth+}
  3200 | D:4      | Identified the +1 chain mail of the Sea {rPois rF- Will+
                  | Str+4}
  3200 | D:4      | Noticed Zonian's ghost (novice VSBr)
  3201 | D:4      | Found a runed translucent gate.
  3202 | D:4      | Found a runed translucent gate.
  3203 | D:4      | Identified the +0 chain mail "Bidaniuh" {rF- rN+ Regen+
                  | Stlth+}
  3411 | D:5      | Entered Level 5 of the Dungeon
  3438 | D:5      | Reached XP level 8. HP: 69/69 MP: 7/7
  3797 | D:5      | Reached skill level 5 in Throwing
  3860 | D:5      | Identified the +5 dagger "Tattletale" {flame, *Rage rF++
                  | Will+}
  3861 | D:5      | Found a staircase to the Ecumenical Temple.
  3896 | Temple   | Entered the Ecumenical Temple
  4297 | Temple   | Became a worshipper of Warmaster Okawaru
  4820 | D:6      | Noticed Grinder
  4825 | D:6      | Killed Grinder
  4826 | D:6      | Reached skill level 1 in Invocations
  5559 | D:7      | Reached XP level 9. HP: 57/78 MP: 9/9
  5563 | D:7      | Reached * piety under Okawaru
  5637 | D:7      | Found a runed translucent door.
  5638 | D:7      | Noticed Crazy Yiuf
  5778 | D:7      | Killed Crazy Yiuf
  5957 | D:7      | Noticed Maggie
  5971 | D:7      | Killed Maggie
  5980 | D:7      | Noticed Menkaure
  5991 | D:7      | Reached ** piety under Okawaru
  5992 | D:7      | Killed Menkaure
  6403 | D:7      | Noticed Joseph
  6412 | D:7      | Killed Joseph
  6655 | D:7      | Found Fipacona's Fabulous Fripperies.
  6877 | D:4      | Killed Zonian's ghost
  7246 | D:8      | Reached XP level 10. HP: 64/86 MP: 11/11
  7311 | D:8      | Reached skill level 10 in Axes
  7514 | D:8      | Found a staircase to the Lair.
  7852 | D:8      | Noticed a centaur warrior
  7859 | D:8      | Killed a centaur warrior
  7860 | D:8      | Reached skill level 10 in Armour
  7861 | D:8      | Noticed Grum
  7874 | D:8      | Killed Grum
  7878 | D:8      | Reached *** piety under Okawaru
  8502 | D:8      | Noticed Maurice
  8532 | Abyss:1  | Cast into level 1 of the Abyss (Maurice)
  8546 | Abyss:1  | Found a corrupted altar of Lugonu.
  8551 | Abyss:1  | Noticed a black draconian
  8557 | Abyss:1  | Killed from afar by a black draconian

Illustrated notes

Levels and vault maps discovered:
D:1:      minmay_arrival_widening_spiral_wide, layout_basic
D:2:      layout_loops_cross, basic_altar, minmay_heptomino_w4
D:3:      layout_rooms, nemelex_diamond_rough_becter,
          grunt_temple_overflow_open, minmay_misc_feat_chi, uniq_terence,
          uniq_sigmund
D:4:      layout_cave_pools, biasface_ghost_orc_armoury, serial_shops,
          nicolae_shop_hallway_stairs, shop, nicolae_shop_waterfront,
          shop_statue, shop, grunt_decor_clamped
D:5:      layout_basic, minmay_temple_entry_grid
D:6:      layout_basic, uniq_grinder
D:7:      layout_basic, nicolae_alphabet_shops, uniq_maggie, uniq_menkaure,
          uniq_crazy_yiuf_cottage, uniq_joseph
D:8:      nicolae_cairo_tiling, layout_basic, uniq_maurice, uniq_grum
Temple:   minmay_temple_bridge_d
Abyss:1:  base:
D:6

Skill      XL: |  1  2  3  4  5  6  7  8  9 10 |
---------------+-------------------------------+-----
Throwing       | 1 2 3 4 5 6 7 |  7.0
Axes           | 3 4 5 6 8 9 10 | 10.6
Fighting       | 4 5 6 7 8 |  8.1
Armour         | 4 5 6 7 9 10 | 10.4
Shields        | 4 5 6 7 8 |  8.0
Invocations    | 1 3 4 |  4.4

Action                   |  1- 3 |  4- 6 |  7- 9 | 10-12 || total
-------------------------+-------+-------+-------+-------++-------
Melee: War axe           |    74 |    99 |   216 |       ||   389
       Headbutt          |     4 |    10 |    47 |    15 ||    76
       Broad axe         |       |       |     7 |   124 ||   131
Throw: Boomerang         |       |     1 |       |    10 ||    11
Invok: Heroism           |       |       |     4 |     2 ||     6
  Use: Scroll            |       |     9 |     2 |     3 ||    14
       Potion            |       |       |     2 |     2 ||     4
Armor: Scale mail        |    20 |       |       |       ||    20
       Plate armour      |    33 |    77 |   209 |   112 ||   431
Dodge: Dodged            |    29 |    35 |    73 |    19 ||   156
Block: Buckler           |    24 |    18 |   112 |    75 ||   229
       Reflection        |       |       |     4 |     9 ||    13
       Kite shield       |       |       |       |     9 ||     9

Table legend: (Time is in decaauts)
 A = Elapsed time spent in this place.
 B = Non-inter-level travel time spent in this place.
 C = Inter-level travel time spent in this place.
 D = Time resting spent in this place.
 E = Time spent auto-exploring this place.
 F = Levels seen in this place.
 G = Mean time per level.
                   A        B        C        D        E       F      G
               +--------+--------+--------+--------+--------+-----+--------+
         Total |   8663 |   8056 |    607 |   1208 |   4382 |  10 |  866.3 |
       Dungeon |   8167 |   7699 |    468 |   1208 |   4063 |   8 | 1020.9 |
        Temple |    470 |    331 |    139 |      0 |    319 |   1 |  470.0 |
         Abyss |     25 |     25 |      0 |      0 |      0 |   1 |   25.0 |
               +--------+--------+--------+--------+--------+-----+--------+

Top non-repeatable levels by time:
     D:4: 1574 daAuts
     D:8: 1319 daAuts
     D:7: 1227 daAuts
     D:1: 916 daAuts
     D:5: 908 daAuts
     D:6: 876 daAuts
     D:3: 682 daAuts
     D:2: 662 daAuts
  Temple: 470 daAuts
 Abyss:1: 25 daAuts
